 Dungeon Crawl Stone Soup version 0.23.2-30-g0e89c35649 (webtiles) character file.

Game seed: 1724789260544389036

29 sankara the Chucker (level 3, -2/37 HPs)
             Began as an Ogre Hunter on June 20, 2019.
             Was a Follower of Ashenzari.
             Slain by an adder (3 damage)
             ... on level 2 of the Dungeon.
             The game lasted 00:04:39 (1324 turns).

sankara the Chucker (Ogre Hunter)                   Turns: 1324, Time: 00:04:40

Health: -2/37      AC:  3    Str: 17    XL:     3   Next: 16%
Magic:  3/3        EV: 10    Int: 12    God:    Ashenzari [*.....]
Gold:   60         SH:  0    Dex:  9    Spells: 2/2 levels left

rFire    . . .     SeeInvis .   a - +0 short sword
rCold    . . .     Gourm    .   (no shield)
rNeg     . . .     Faith    .   b - +0 robe
rPois    .         Spirit   .   (helmet restricted)
rElec    .         Reflect  .   (no cloak)
rCorr    .         Harm     .   (gloves unavailable)
MR       .....                  (boots unavailable)
Stlth    +.........             (no amulet)
HPRegen  0.12/turn              (no ring)
MPRegen  0.08/turn              (no ring)

@: no status effects
A: large, unfitting armour, tough skin 1
a: Curse Item, Scrying, Renounce Religion


You were on level 2 of the Dungeon.
You worshipped Ashenzari.
Ashenzari was aware of your devotion.
You were not hungry.

You visited 1 branch of the dungeon, and saw 2 of its levels.

You collected 60 gold pieces.

Inventory:

Hand Weapons
 a - a +0 short sword (weapon)
Missiles
 c - 5 large rocks (quivered) {!d}
 d - 2 throwing nets {=f, !d}
 e - 48 stones
 i - 10 tomahawks
Armour
 b - a +0 robe (worn)
Scrolls
 g - a scroll of magic mapping {unknown}
 l - 2 scrolls of identify {unknown}
 m - a scroll of teleportation {unknown}
 o - a scroll of blinking {unknown}
Potions
 h - 2 potions of flight {unknown}
 k - a potion of haste {unknown}
 n - a potion of brilliance {unknown}
Comestibles
 f - 4 rations
 j - 3 chunks of flesh {@w0}


   Skills:
 + Level 3.5 Fighting
 + Level 4.3 Throwing
 + Level 2.3 Dodging
 - Level 0.6 Stealth


You had 2 spell levels left.
You didn't know any spells.
Your spell library was empty.

Dungeon Overview and Level Annotations

Branches:
Dungeon (2/15)

Altars:
Ashenzari
Cheibriados


Innate Abilities, Weirdness & Mutations

You are too large for most types of armour.
You have tough skin. (AC +1)


Message History

The goblin closely misses you.
You barely miss the goblin.
The goblin is moderately wounded.
The goblin closely misses you.
You hit the goblin.
You kill the goblin!
You puncture the rat!
You kill the rat!
No target in view!
No target in view!
No target in view!
Things that are here:
17 bolts; a goblin corpse You butcher the goblin corpse.
j - 5 chunks of flesh {@w0} (gained 3)
Things that are here:
17 bolts; a goblin skeleton You see here a glowing leather armour.
f - 4 rations (gained 1)
o - a scroll labeled GOATHO TIECHI
Things that are here:
17 bolts; a goblin skeleton You see here a dagger.
You enter the shallow water.
Moving in this stuff is going to be slow.
You enter the shallow water.
Moving in this stuff is going to be slow.
There is a faded altar of an unknown god here.
You cannot tell which god this altar belongs to.
Convert to them anyway?
Ashenzari accepts your prayer! Ashenzari welcomes you!
You can now curse your items.
You can now scry through walls.
You enter the shallow water.
Moving in this stuff is going to be slow.
Things that are here:
17 bolts; a goblin skeleton
Okay, then.
Okay, then.
Some of the chunks of flesh in your inventory have rotted away.
A worm comes into view.
A goblin comes into view.
The goblin shouts!
An adder comes into view.
The adder hisses angrily.
You hit the worm.
The worm is lightly wounded.
The worm closely misses you.
You hit the worm.
The worm is moderately wounded.
The worm closely misses you.
You hit the worm.
The worm is heavily wounded.
You barely miss the worm.
The worm is heavily wounded.
The worm bites you. The goblin completely misses you.
You hit the worm.
The worm is severely wounded.
The worm bites you. The goblin hits you but does no damage.
You hit the worm.
The worm is severely wounded.
The adder bites you. The goblin hits you.
You are too injured to fight recklessly!
You are too injured to fight recklessly!
You are too injured to fight recklessly!
You are too injured to fight recklessly!
You are too injured to fight recklessly!
You hit the worm but do no damage.
The worm is severely wounded.
The adder bites you. The worm bites you. The goblin closely misses you.
You barely miss the worm.
The worm is severely wounded.
The adder barely misses you. The goblin hits you but does no damage.
The worm bites you! The adder bites you.
* * * LOW HITPOINT WARNING * * *
You hit the worm.
The worm is almost dead.
A kobold comes into view.
The adder closely misses you. The goblin hits you but does no damage.
The adder bites you.
* * * LOW HITPOINT WARNING * * *
The adder bites you.
* * * LOW HITPOINT WARNING * * *
You completely miss the adder. The adder barely misses you.
You hit the adder.
The adder is moderately wounded.
The adder barely misses you. The adder bites you.
* * * LOW HITPOINT WARNING * * *
You hit the adder but do no damage.
The adder is moderately wounded.
The adder closely misses you. The goblin closely misses you.
You puncture the adder!
The adder is almost dead.
The adder barely misses you. The goblin misses you.
The adder barely misses you.
You barely miss the adder.
The adder is almost dead.
The goblin hits you.
* * * LOW HITPOINT WARNING * * *
The adder bites you.
You die...

...... ....... #.......
........ # ####.......K
#(#...........
#####.#w#.#.......
#.....gS#.#.......
##.#####@#gw.......
#....[...#.........
#..#.#.#.#.##...#..
#..#.(............(
######..#.#####.#.......
##.......#..........#....
##...<...)#............###
#...........)........###
##....................#


You could see a worm, an adder and a goblin.

Vanquished Creatures
  2 dart slugs (D:1)
  2 leopard geckos (D:1)
  4 bats (D:1)
  A giant cockroach (D:1)
  5 goblins
  A kobold (D:1)
  4 frilled lizards (D:1)
  5 rats
24 creatures vanquished.

Notes
Turn   | Place    | Note
-------+----------+-------------------------------------------
     0 | D:1      | sankara the Ogre Hunter began the quest for the Orb.
     0 | D:1      | Reached XP level 1. HP: 22/22 MP: 1/1
    84 | D:1      | Reached skill level 3 in Fighting
    84 | D:1      | Reached skill level 2 in Dodging
   325 | D:1      | Reached XP level 2. HP: 31/31 MP: 2/2
   794 | D:1      | Found a snail-covered altar of Cheibriados.
   995 | D:1      | Reached XP level 3. HP: 37/37 MP: 3/3
  1199 | D:2      | Found a faded altar of an unknown god.
  1262 | D:2      | Became a worshipper of Ashenzari the Shackled
  1262 | D:2      | Reached * piety under Ashenzari
  1315 | D:2      | HP: 8/37 [adder (4)]
  1318 | D:2      | HP: 3/37 [adder (5)]
  1321 | D:2      | HP: 1/37 [adder (2)]
  1324 | D:2      | Slain by an adder

Skill      XL: |  1 |
---------------+----+-----
Fighting       | 3 |  3.5
Dodging        | 2 |  2.3
Throwing       | |  4.3
Stealth        | |  0.6

Action                   || total
-------------------------++-------
Melee: Short sword       ||    99
 Stab: Sleeping          ||     3
  Eat: Chunk             ||     1
Armor: Robe              ||    31
Dodge: Dodged            ||    58

Levels and vault maps discovered:
D:1:      psy_arrival_basics, layout_loops_ring, cheibriados_altar_1
D:2:      layout_rooms, tgw_trog, nicolae_dithmenos_through_a_glass_darkly,
          chequers_ecumenical_altar_island, minmay_pentomino_o4

Table legend:
 A = Turns spent in this place as a percentage of turns spent in the entire game.
 B = Non-inter-level travel turns spent in this place as a percentage of non-inter-level travel turns spent in the entire game.
 C = Inter-level travel turns spent in this place as a percentage of turns spent in this place.
 D = Turns resting spent in this place as a percentage of non-inter-level travel turns spent in this place.
 E = Turns spent auto-exploring this place as a percentage of non-inter-level travel turns spent in this place.
 F = Non-inter-level travel turns spent in this place divided by the number of levels of this place that you've seen.
                   A       B       C       D       E      F
               +-------+-------+-------+-------+-------+----------------------
         Total | 100.0 | 100.0 |   0.5 |  25.9 |  52.8 | 658.5
       Dungeon | 100.0 | 100.0 |   0.5 |  25.9 |  52.8 | 658.5
               +-------+-------+-------+-------+-------+----------------------

Table legend:
 A = Kills in this place as a percentage of kills in entire the game.
 B = Kills by you in this place as a percentage of kills by you in the entire game.
 C = Kills by friends in this place as a percentage of kills by friends in the entire game.
 D = Other kills in this place as a percentage of other kills in the entire game.
 E = Experience gained in this place as a percentage of experience gained in the entire game.
 F = Experience gained in this place divided by the number of levels of this place that you have seen.
                   A       B       C       D       E      F
               +-------+-------+-------+-------+-------+----------------------
         Total | 100.0 | 100.0 |   N/A |   N/A | 100.0 |  21.0
       Dungeon | 100.0 | 100.0 |   N/A |   N/A | 100.0 |  21.0
               +-------+-------+-------+-------+-------+----------------------
